 Dungeon Crawl Stone Soup version 0.20-a0-446-g9649680 (webtiles) character file.

2382 Kriby the Thaumaturge (level 9, -12/57 HPs)
             Began as a Mummy Fire Elementalist on Jan 7, 2017.
             Was a Believer of Sif Muna.
             Mangled by a two-headed ogre
             ... wielding a +0 giant club
              (18 damage)
             ... on level 8 of the Dungeon.
             The game lasted 00:13:09 (9557 turns).

Kriby the Thaumaturge (Mummy Fire Elementalist)     Turns: 9557, Time: 00:13:09

Health: -12/57     AC:  5    Str: 11    XL:     9   Next: 22%
Magic:  1/23       EV: 12    Int: 18    God:    Sif Muna [**....]
Gold:   311        SH:  0    Dex: 12    Spells: 14/28 levels left

rFire  x . .     SeeInvis .     n - +0 rapier
rCold  + . .     Gourm    .     t - +2 robe {MR+}
rNeg   + + +     Faith    .     (no shield)
rPois  ∞         Spirit   .     (no helmet)
rElec  .         Reflect  .     (no cloak)
rCorr  .         Harm     .     k - +0 pair of gloves
MR     ++...                    (no boots)
Stlth  ++........               (no amulet)
                                (no ring)
                                (no ring)

@: no status effects
A: no food or potions, fire vulnerability, cold resistance 1, negative energy
resistance 3, torment resistance, unbreathing
a: Divine Energy, Renounce Religion


You were on level 8 of the Dungeon.
You worshipped Sif Muna.
Sif Muna was pleased with you.
You were not hungry.

You visited 1 branch of the dungeon, and saw 8 of its levels.

You collected 311 gold pieces.

Inventory:

Hand Weapons
 n - a +0 rapier (weapon)
Armour
 a - a +0 robe
 k - a +0 pair of gloves (worn)
 t - a +2 robe of magic resistance (worn)
Jewellery
 f - an uncursed amulet of faith
Wands
 r - a wand of acid (8/15)
 s - a wand of polymorph (11/24)
 u - a wand of clouds (3/9)
 v - a wand of iceblast (3/15)
Scrolls
 c - 5 scrolls of remove curse
 d - 2 scrolls of fear
 e - 2 scrolls of teleportation
 g - 3 scrolls of identify
 h - a scroll of fog {unknown}
 i - a scroll of recharging {unknown}
 j - 2 scrolls of random uselessness {unknown}
 l - a scroll of amnesia {unknown}
 o - a scroll of enchant weapon {unknown}
 p - 2 scrolls of magic mapping {unknown}
Books
 b - a book of Misfortune

   Spells                             Type                      Level
   a - Confusing Touch                Hexes                        1
   b - Confuse                        Hexes                        3
   c - Gell's Gravitas                Hexes/Translocation          3
   d - Petrify                        Transmutation/Earth          4
   e - Metabolic Englaciation         Hexes/Ice                    5
   f - Yara's Violent Unravelling     Hexes/Transmutation          5
 m - a book of Minor Magic

   Spells                             Type                      Level
   a - Magic Dart                     Conjuration                  1
   b - Blink                          Translocation                2
   c - Call Imp                       Summoning                    2
   d - Repel Missiles                 Charms/Air                   2
   e - Slow                           Hexes                        2
   f - Conjure Flame                  Conjuration/Fire             3
   g - Mephitic Cloud                 Conjuration/Poison/Air       3
 q - a book of Necromancy

   Spells                             Type                      Level
   a - Pain                           Necromancy                   1
   b - Animate Skeleton               Necromancy                   1
   c - Vampiric Draining              Necromancy                   3
   d - Regeneration                   Charms/Necromancy            3
   e - Animate Dead                   Necromancy                   4
   f - Control Undead                 Necromancy                   4


   Skills:
 - Level 1.5 Dodging
 - Level 1.5 Stealth
 * Level 10.4 Spellcasting
 + Level 5.7 Conjurations
 + Level 5.4 Fire Magic


You had 14 spell levels left.
You knew the following spells:

 Your Spells              Type           Power        Failure   Level  Hunger
a - Flame Tongue          Conj/Fire      ####.        1%          1    N/A
b - Conjure Flame         Conj/Fire      ####....     2%          3    N/A
c - Sticky Flame          Conj/Fire      ####....     10%         4    N/A
d - Throw Flame           Conj/Fire      ####..       1%          2    N/A
R - Repel Missiles        Chrm/Air       #.....       12%         2    N/A
T - Blink                 Tloc           N/A          12%         2    N/A

Dungeon Overview and Level Annotations

Branches:
Dungeon (8/15)             Temple (0/1) D:6
   Lair: D:8-11

Altars:
Elyvilon
Fedhas
Gozag
Hepliaklqana
Kikubaaqudgha
Makhleb
Nemelex Xobeh
Ru
Sif Muna
Trog
Uskayaw


Innate Abilities, Weirdness & Mutations

You do not eat or drink.
Your flesh is vulnerable to fire.
You are immune to poison.
Your flesh is cold resistant. (rC+)
You are immune to negative energy. (rN+++)
You are immune to unholy pain and torment.
You can survive without breathing.


Message History

Aiming: Flame Tongue
Press: ? - help, Shift-Dir - straight line, f/p - two-headed ogre
Aim: a two-headed ogre, wielding two giant clubs (heavily wounded)
The flame tongue hits the two-headed ogre.
The two-headed ogre is severely wounded.
The two-headed ogre hits you with a giant club!! x2
* * * LOW HITPOINT WARNING * * *
You hear a shout!
An orc comes into view. It is wielding a dagger.
Casting: Flame Tongue
Confirm with . or Enter, or press ? or * to list all spells.
Aiming: Sticky Flame
Press: ? - help, Shift-Dir - straight line, f/p - two-headed ogre
Aim: a two-headed ogre, wielding two giant clubs (severely wounded)
The sticky flame hits the two-headed ogre.
The two-headed ogre is severely wounded.
The two-headed ogre is covered in liquid flames!
The two-headed ogre burns!
The two-headed ogre hits you with a giant club!!
You die...

.... ##..
#..##..# #
..#.....## ...
..O†?....#..#
#......# .
#.####.... ..
#.# .
#o###O#######
#....@.......
#####...######.
.......#........
######...#######
##.<...# #####.#
#


You could see a two-headed ogre (burning) and an orc.

Vanquished Creatures
  Sigmund (D:5)
  Edmund (D:6)
  2 sky beasts (D:6)
  A black bear (D:6)
  An ice beast (D:5)
  3 ogres
  A centaur (D:6)
  A big kobold (D:7)
  2 bullfrogs (D:6)
  3 howler monkeys
  3 electric eels (D:7)
  2 crimson imps
  A quasit (D:5)
  2 centaur zombies
  2 orc priests
  A centaur skeleton (D:6)
  A hound (D:5)
  6 orc wizards
  A bullfrog skeleton (D:5)
  2 iguanas
  7 worker ants
  Terence (D:2)
  A worker ant zombie (D:5)
  3 gnolls (D:5)
  A howler monkey skeleton (D:6)
  11 adders
  A shadow imp (D:6)
  2 oozes (D:2)
  3 worms
  2 adder skeletons
  A dart slug (D:2)
  2 leopard geckos
  15 orcs
  5 giant cockroaches
  9 goblins
  4 hobgoblins
  11 jackals
  7 kobolds
  2 quokkas
  12 bats
  7 frilled lizards
  A quokka zombie (D:7)
  3 rats
148 creatures vanquished.

Notes
Turn   | Place    | Note
-------+----------+-------------------------------------------
     0 | D:1      | Kriby the Mummy Fire Elementalist began the quest for the Orb.
     0 | D:1      | Reached XP level 1. HP: 13/13 MP: 4/4
   159 | D:1      | Reached skill level 1 in Conjurations
   399 | D:1      | Reached skill level 3 in Spellcasting
   730 | D:2      | Reached XP level 2. HP: 19/19 MP: 3/6
  1215 | D:2      | Noticed Terence
  1225 | D:2      | Killed Terence
  1225 | D:2      | Reached XP level 3. HP: 21/24 MP: 0/8
  1426 | D:2      | Found a sparkling altar of Nemelex Xobeh.
  1701 | D:2      | Reached skill level 4 in Spellcasting
  1701 | D:2      | Reached XP level 4. HP: 25/30 MP: 3/10
  1934 | D:3      | Found a burning altar of Makhleb.
  2687 | D:3      | Found a sacrificial altar of Ru.
  2740 | D:3      | Reached XP level 5. HP: 15/35 MP: 0/11
  3199 | D:3      | Found a faded altar of an unknown god.
  3572 | D:3      | Found an ancient bone altar of Kikubaaqudgha.
  3777 | D:4      | Noticed an ogre
  3784 | D:4      | Learned a level 3 spell: Conjure Flame
  3791 | D:4      | Killed an ogre
  3791 | D:4      | Reached skill level 5 in Spellcasting
  3791 | D:4      | Reached XP level 6. HP: 41/41 MP: 3/13
  3796 | D:4      | Learned a level 2 spell: Blink
  3799 | D:4      | Learned a level 2 spell: Repel Missiles
  3804 | D:4      | Learned a level 4 spell: Sticky Flame
  3807 | D:4      | Learned a level 2 spell: Throw Flame
  4006 | D:4      | Found a deep blue altar of Sif Muna.
  4067 | D:4      | Found an opulent altar of Gozag.
  4131 | D:4      | Became a worshipper of Sif Muna the Loreminder
  4600 | D:4      | Noticed a hand axe
  4601 | D:4      | Noticed a hand axe
  4602 | D:4      | Found a hide-covered altar of Uskayaw.
  5149 | D:5      | Entered Level 5 of the Dungeon
  5250 | D:5      | Noticed an ice beast
  5269 | D:5      | Reached skill level 6 in Spellcasting
  5396 | D:5      | Reached XP level 7. HP: 46/46 MP: 8/16
  6079 | D:5      | Noticed Sigmund
  6087 | D:5      | Killed Sigmund
  6087 | D:5      | Reached * piety under Sif Muna
  6087 | D:5      | Reached skill level 7 in Spellcasting
  6365 | D:5      | Reached XP level 8. HP: 32/52 MP: 19/19
  6569 | D:5      | Reached skill level 8 in Spellcasting
  6657 | D:5      | Found a hazy altar of Hepliaklqana.
  7220 | D:6      | Reached skill level 5 in Conjurations
  7274 | D:6      | Reached ** piety under Sif Muna
  7274 | D:6      | Reached skill level 9 in Spellcasting
  7807 | D:6      | Noticed Edmund
  7828 | D:6      | Killed Edmund
  8189 | D:6      | Reached skill level 5 in Fire Magic
  8422 | D:6      | Found a staircase to the Ecumenical Temple.
  8532 | D:6      | Reached skill level 10 in Spellcasting
  8532 | D:6      | Reached XP level 9. HP: 57/57 MP: 8/23
  8827 | D:7      | Found a blossoming altar of Fedhas.
  8828 | D:7      | Found a white marble altar of Elyvilon.
  9169 | D:7      | Found a bloodstained altar of Trog.
  9545 | D:8      | Noticed a two-headed ogre
  9557 | D:8      | Mangled by a two-headed ogre

Vault maps used:
D:1:      sevenhm_arrival_forest_fort_small_5
D:2:      nemelex_altar_shiori, grunt_decor_arrowhead, uniq_terence
D:3:      lemuel_round_altar, lemuel_coloured_pillars_altar,
          nicolae_ru_great_annihilating_truth, chequers_ecumenical_altar_twisty,
          columned_hall_lemuel
D:4:      lemuel_doored_altar, tgw_sif, dancing_weapons_uskayaw, first_bread
D:5:      marbit_many_paths, uniq_sigmund
D:6:      uniq_edmund
D:7:      kennysheep_mini, gammafunk_temple_overflow_pools, serial_bayou_ford_a
D:8:      nicolae_dithmenos_shadow_blocks, erik_lair_island

Skill      XL: |  1  2  3  4  5  6  7  8 |
---------------+-------------------------+-----
Conjurations   | 1 2 3 4 5 |  5.7
Spellcasting   | 3 4 5 6 7 10 | 10.4
Fire Magic     | 3 4 5 |  5.4
Dodging        | |  1.5
Stealth        | |  1.5

Action                   |  1- 3 |  4- 6 |  7- 9 || total
-------------------------+-------+-------+-------++-------
Melee: Unarmed           |     1 |       |       ||     1
       Rapier            |       |       |   122 ||   122
 Cast: Flame Tongue      |    41 |   174 |   161 ||   376
       Conjure Flame     |       |     3 |    11 ||    14
       Sticky Flame      |       |       |    14 ||    14
       Throw Flame       |       |       |    30 ||    30
       Repel Missiles    |       |       |     1 ||     1
  Use: Scroll            |       |       |     6 ||     6
Armor: Robe              |     7 |    18 |    46 ||    71
Dodge: Dodged            |    13 |    54 |    92 ||   159
       Deflected         |       |       |     2 ||     2
